 Dungeon Crawl Stone Soup version 0.32-a0-290-g598725c5f2 (webtiles) character file.

Game seed: 14913144449714467838

67523 adelrune the Severer (level 14, -14/127 HPs)
             Began as a Mountain Dwarf Fighter on Feb 13, 2024.
             Was an Elder of Qazlal.
             Demolished by an ettin
             ... wielding a +0 dire flail
              (16 damage)
             ... on level 1 of the Orcish Mines.
             The game lasted 00:52:08 (24927 turns).

adelrune the Severer (Mountain Dwarf Fighter)      Turns: 24927, Time: 00:52:09

Health: -14/127    AC: 28    Str: 22    XL:     14   Next: 83%
Magic:  26/26      EV:  6    Int: 11    God:    Qazlal [****..]
Gold:   1495       SH: 19    Dex:  9    Spells: 13/13 levels left

rFire   . . .        a - +0 war axe (heavy)
rCold   . . .        t - +2 kite shield
rNeg    . . .        u - +0 plate armour
rPois   .            x - +0 helmet
rElec   .            G - +0 cloak
rCorr   .            d - +2 pair of gloves
SInv    .            n - +0 pair of boots
Will    ++...        y - amulet of faith Stlth
                     f - +4 ring of protection
HPRegen 0.41/turn    W - ring of willpower
MPRegen 0.20/turn

%: repel missiles, faith
@: invisible
A: runic magic, artefact enchanting
a: Renounce Religion, Upheaval, Elemental Force


You were on level 1 of the Orcish Mines.
You worshipped Qazlal.
Qazlal was greatly pleased with you.
You visited 4 branches of the dungeon, and saw 20 of its levels.
You also visited: Bailey.

You collected 1495 gold pieces.

Inventory:

Hand Weapons
 a - a +0 heavy war axe (weapon)
 b - a -1 demon whip of venom
 o - a +0 war axe
Missiles
 R - 16 boomerangs (quivered)
Armour
 d - a +2 pair of gloves (worn)
 n - a +0 pair of boots (worn)
 t - a +2 kite shield (worn)
 u - a +0 plate armour (worn)
 x - a +0 helmet (worn)
 G - a +0 cloak (worn)
 J - +1 acid dragon scales
Jewellery
 f - a +4 ring of protection (left hand)
 y - an amulet of faith (around neck)
 A - a ring of resist corrosion
 C - an amulet of reflection
 N - a ring of positive energy
 P - a ring of protection from cold
 W - a ring of willpower (right hand)
Wands
 p - a wand of mindburst (7)
 q - a wand of iceblast (18)
 B - a wand of paralysis (8)
 K - a wand of quicksilver (23)
 L - a wand of polymorph (6)
 T - a wand of digging (2)
 X - a wand of flame (10)
Scrolls
 c - a scroll of vulnerability
 h - 4 scrolls of blinking
 i - 2 scrolls of teleportation
 j - 5 scrolls of revelation
 r - 4 scrolls of noise
 s - 6 scrolls of identify
 D - 3 scrolls of fear
 F - 5 scrolls of poison
 H - a scroll of enchant armour
 O - a scroll of silence
 S - 2 scrolls of fog
 U - a scroll of amnesia {unknown}
 V - 2 scrolls of immolation
Potions
 e - 5 potions of curing
 g - a potion of brilliance
 k - 5 potions of cancellation
 l - 7 potions of mutation
 m - 4 potions of heal wounds
 v - 3 potions of lignification
 z - a potion of ambrosia
 I - 4 potions of attraction
 M - 2 potions of invisibility
 Q - a potion of resistance
 Y - a potion of might
Miscellaneous
 w - a tin of tremorstones (2/2)
 E - a sack of spiders
 Z - a phial of floods


   Skills:
 + Level 12.6 Fighting
 - Level 16.5 Axes
 + Level 12.7 Armour
 + Level 12.4 Shields
 * Level 16.2 Invocations
 + Level 1.6 Evocations


You had 13 spell levels left.
You didn't know any spells.
Your spell library contained the following spells:

 Spells                   Type           Power      Damage    Failure   Level
 Magic Dart               Conj           0%         1d3       71%         1
 Searing Ray              Conj           0%         2d4       85%         2
 Dazzling Flash           Conj/Hex       0%         N/A       97%         3
 Frozen Ramparts          Ice            0%         1d1       97%         3
 Gell's Gravitas          Tloc           0%         N/A       97%         3
 Mephitic Cloud           Conj/Alch/Air  0%         N/A       97%         3
 Teleport Other           Tloc           0%         N/A       97%         3
 Volatile Blastmotes      Fire/Tloc      0%         2d10      97%         3
 Fulminant Prism          Conj/Alch      0%         3d5       100%        4
 Iskenderun's Mystic Bla  Conj/Tloc      0%         2d3       100%        4
 Leda's Liquefaction      Alch/Erth      0%         N/A       100%        4
 Petrify                  Alch/Erth      0%         N/A       100%        4
 Curse of Agony           Necr           0%         N/A       100%        5
 Metabolic Englaciation   Hex/Ice        0%         N/A       100%        5
 Silence                  Hex/Air        0%         N/A       100%        5
 Summon Forest            Summ/Tloc      0%         N/A       100%        5
 Dispersal                Tloc           0%         N/A       100%        6
 Eringya's Noxious Bog    Alch           0%         4d6       100%        6
 Summon Hydra             Summ           0%         N/A       100%        7
 Chain Lightning          Conj/Air       0%         N/A       100%        9
 Fire Storm               Conj/Fire      0%         5d1       100%        9
 Shatter                  Erth           0%         3d5*      100%        9


Dungeon Overview and Level Annotations

Branches:
Dungeon (12/15)            Temple (1/1) D:4            Lair (5/5) D:8
  Swamp (0/4) Lair:3       Spider (0/4) Lair:3        Slime (0/5) Lair:4
    Orc (2/2) D:11            Elf (0/3) Orc:2        Bailey (visited)

Altars:
Ashenzari
Cheibriados
Dithmenos
Elyvilon
Fedhas
Gozag
Hepliaklqana
Kikubaaqudgha
Makhleb
Nemelex Xobeh
Okawaru
Qazlal
Ru
Sif Muna
Trog
Uskayaw
Vehumet
Wu Jian
Xom
Yredelemnul
Zin
The Shining One
Beogh
Jiyva

Portals:
Hell: Lair:5

Annotations:
D:4 2 transporters
D:9 exclusion: upstairs
Lair:2 3 runed translucent doors, Fuatobol's ghost, journeyman DESu
Orc:2 Erolcha


Innate Abilities, Weirdness & Mutations

Your spellcasting is much less encumbered by armour.
You can use scrolls of enchantment on lesser artefacts.


Message History

HP restored.
You climb downwards.
You hear two shouts!
You block the ettin's attack. x2; You block the two-headed ogre's attack.
The two-headed ogre hits you with a +0 giant club!
An ogre comes into view. It is wielding a +0 giant club.
The ettin hits you but does no damage.
The ettin hits you with a +0 dire flail.
The kobold blastminer wields a +0 arbalest.
The kobold blastminer shoots a bolt.
The bolt hits you!
There is a stone staircase leading up, spattered with blood here.
The two-headed ogre hits you with a +0 giant club.
You block the two-headed ogre's attack.
The ettin is engulfed in a thunderstorm.
You block the ettin's attack.
The ettin hits you with a +0 dire flail!!
You climb upwards.
There is a stone staircase leading down, spattered with blood here.
You fade into invisibility!
The two-headed ogre hits you but does no damage.
You block the two-headed ogre's attack. You block the ettin's attack.
The ettin hits you with a +0 dire flail!!
You are too injured to fight recklessly!
You dice the two-headed ogre like an onion!!!
The two-headed ogre is severely wounded.
You hit the ettin. You block the ettin's attack. x2
You slash the ettin!
The ettin is heavily wounded.
You barely miss the two-headed ogre.
You block the two-headed ogre's attack. x2
The ettin hits you with a +0 dire flail!!
* * * LOW HITPOINT WARNING * * *
You block the ettin's attack.
You hit the ettin.
The ettin is heavily wounded.
You barely miss the two-headed ogre. You block the two-headed ogre's attack.
The two-headed ogre hits you but does no damage.
The ettin hits you with a +0 dire flail!
* * * LOW HITPOINT WARNING * * *
The ettin hits you with a +0 dire flail!
You die...

).....##....#######
.)....#.........#.##
......#............####
..._..##.#......#.###.##
........>........###...#
...................##.##
#..........##..○..°....#
.#..........#..#OC°.#.##
..##.......#####@§..###
.##........###.#°[°..#
.###.##....##.......##
######......#.......#
..#.##.#....#....#.##
.....####......#.###
..#.## #.....#### ).###
###........## .###
##.#.........####


You could see an ettin (unable to see you) and a two-headed ogre (unable to see
you).

Vanquished Creatures
  An orc warlord (D:11)
  7 hydras
  A catoblepas (Lair:2)
  A boulder beetle (D:12)
  3 two-headed ogres
  2 death yaks
  A tengu warrior (D:8)
  A sun demon (Lair:5)
  An occultist (Lair:5)
  Amaemon (D:9)
  4 lindwurms (Lair:4)
  A deep elf pyromancer (D:12)
  2 ugly things
  A manticore (D:11)
  Joseph (D:7)
  19 elephants
  3 orange demons
  8 black mambas
  A smoke demon (Lair:5)
  15 cane toads
  A kobold demonologist (D:11)
  4 rime drakes
  13 komodo dragons
  2 ice devils (Lair:5)
  A red devil (Lair:5)
  A queen bee (D:11)
  8 trolls
  3 hornets
  4 polar bears
  Prince Ribbit (D:9)
  A dream sheep (Lair:2)
  25 blink frogs
  2 jumping spiders (Lair:3)
  2 culicivoras (Lair:3)
  A shadow (D:12)
  7 wyverns
  59 yaks
  A basilisk (Lair:5)
  3 wraiths
  7 vampire mosquitoes
  3 wargs (Orc:1)
  A redback (Lair:3)
  3 steam dragons
  Menkaure (D:7)
  3 acid dragons
  16 water moccasins
  4 hell hounds (Lair:5)
  Duvessa (D:6)
  3 black bears
  3 sky beasts
  16 orc warriors
  An ice beast (D:7)
  4 ogres (Orc:1)
  14 centaurs
  9 wolves
  A phantom (D:5)
  A kobold brigand (D:8)
  13 bullfrogs
  6 scorpions
  2 gnoll sergeants
  10 wights
  12 killer bees
  Dowan (D:6)
  3 howler monkeys
  6 hounds
  3 bombardier beetles
  7 jellies
  Crazy Yiuf (D:7)
  14 orc priests
  6 iguanas
  4 sleepcaps
  Ijyb (D:3)
  2 gnoll boudas
  Natasha (twice) (D:2)
  25 orc wizards
  16 gnolls
  6 adders
  A shadow imp (D:8)
  4 white imps
  A ribbon worm (D:3)
  A dart slug (D:3)
  68 orcs
  12 ball pythons
  9 endoplasms
  4 giant cockroaches
  5 goblins
  10 hobgoblins
  5 jackals
  A quokka (D:1)
  7 bats
  2 frilled lizards
  14 kobolds
  11 rats
599 creatures vanquished.

Vanquished Creatures (others)
  A killer bee (D:8)
  A howler monkey (D:12)
  2 orc wizards
4 creatures vanquished.

Grand Total: 603 creatures vanquished

Notes
Turn   | Place    | Note
-------+----------+-------------------------------------------
     0 | D:1      | adelrune the Mountain Dwarf Fighter began the quest for the
                  | Orb.
     0 | D:1      | Reached XP level 1. HP: 19/19 MP: 1/1
   168 | D:1      | Reached XP level 2. HP: 23/26 MP: 2/2
   250 | D:1      | Reached XP level 3. HP: 29/33 MP: 3/3
  1327 | D:2      | Reached XP level 4. HP: 40/40 MP: 4/4
  1747 | D:2      | Identified the +2 robe "Loexe" {Dex+5}
  1810 | D:2      | Noticed Natasha
  1812 | D:2      | Killed Natasha
  1932 | D:2      | Noticed Natasha
  1944 | D:2      | Killed Natasha
  1945 | D:2      | Reached XP level 5. HP: 33/46 MP: 5/5
  2104 | D:3      | Noticed Ijyb
  2115 | D:3      | Killed Ijyb
  2465 | D:3      | Reached skill level 5 in Axes
  2620 | D:3      | Reached XP level 6. HP: 49/53 MP: 6/6
  2830 | D:4      | Found an iron altar of Okawaru.
  2838 | D:4      | Found a transporter.
  2880 | D:4      | Found a transporter.
  3283 | D:4      | Found a staircase to the Ecumenical Temple.
  3289 | Temple   | Entered the Ecumenical Temple
  3431 | D:5      | Entered Level 5 of the Dungeon
  3487 | D:4      | Reached XP level 7. HP: 50/60 MP: 7/7
  3664 | D:5      | Reached skill level 5 in Fighting
  3708 | D:5      | Reached skill level 5 in Shields
  3908 | D:5      | Reached skill level 5 in Armour
  4084 | D:5      | Noticed a moth of wrath
  4095 | D:5      | Found a bloodstained altar of Trog.
  4107 | D:5      | Identified the +10 whip "Kigoahem" {flame, ^Drain Dex+8}
  4393 | D:5      | Reached XP level 8. HP: 56/70 MP: 8/8
  5210 | D:6      | Noticed Duvessa
  5374 | D:6      | Noticed Dowan
  5383 | D:6      | Killed Duvessa
  5723 | D:6      | Killed Dowan
  5794 | D:6      | Reached XP level 9. HP: 75/78 MP: 9/9
  6124 | D:7      | Found a blossoming altar of Fedhas.
  6283 | D:7      | Noticed Joseph
  6298 | D:7      | Killed Joseph
  6299 | D:7      | Reached skill level 10 in Axes
  6734 | D:7      | Noticed Menkaure
  6741 | D:7      | Killed Menkaure
  6813 | D:7      | Found a runed translucent door.
  6814 | D:7      | Noticed Crazy Yiuf
  6818 | D:7      | Killed Crazy Yiuf
  6927 | D:7      | Found a radiant altar of Vehumet.
  7145 | D:7      | Found an ornate altar of the Wu Jian Council.
  7374 | D:8      | Found a flagged portal.
  7394 | Bailey   | Entered a bailey
  7622 | D:8      | Reached XP level 10. HP: 52/88 MP: 10/10
  7771 | D:8      | Noticed an orange demon
  7773 | D:8      | Noticed Amaemon
  7968 | D:8      | Found a stormy altar of Qazlal.
  8005 | D:8      | Became a worshipper of Qazlal Stormbringer
  8068 | D:8      | Found a shimmering blue altar of Sif Muna.
  8132 | D:9      | Reached skill level 1 in Invocations
  8617 | D:8      | Noticed Prince Ribbit
  8639 | D:9      | Killed Prince Ribbit
  9171 | D:9      | Reached * piety under Qazlal
  9333 | D:9      | Found a shadowy altar of Dithmenos.
  9528 | D:10     | Entered Level 10 of the Dungeon
  9880 | D:10     | Found a sparkling altar of Nemelex Xobeh.
  9982 | D:10     | Found a basalt altar of Yredelemnul.
 10090 | D:10     | Found a white marble altar of Elyvilon.
 10892 | D:11     | Found a staircase to the Orcish Mines.
 10928 | D:11     | Reached skill level 5 in Invocations
 11035 | D:11     | Noticed a two-headed ogre
 11049 | D:11     | Killed a two-headed ogre
 11237 | D:11     | Reached XP level 11. HP: 95/95 MP: 15/15
 11909 | D:12     | Noticed a boulder beetle
 11931 | D:12     | Noticed a purple ugly thing
 12303 | D:11     | Killed a purple ugly thing
 12398 | D:12     | Noticed a two-headed ogre
 12399 | D:12     | Reached ** piety under Qazlal
 12425 | D:12     | Killed a two-headed ogre
 12971 | D:12     | Noticed a deep elf pyromancer
 13022 | D:12     | Killed a deep elf pyromancer
 13253 | D:12     | Killed a boulder beetle
 13488 | D:9      | Killed Amaemon
 13661 | D:8      | Noticed a tengu warrior
 13679 | D:8      | Paralysed by a hornet for 1 turns
 13683 | D:8      | Paralysed by a hornet for 1 turns
 13941 | D:8      | Noticed a two-headed ogre
 13956 | D:8      | Killed a two-headed ogre
 13963 | D:8      | Noticed a cyan ugly thing
 14170 | D:8      | Reached XP level 12. HP: 93/106 MP: 18/18
 14492 | D:8      | Found a staircase to the Lair.
 14498 | Lair:1   | Entered Level 1 of the Lair of Beasts
 14586 | D:8      | Reached *** piety under Qazlal
 14594 | D:8      | Reached skill level 10 in Fighting
 14710 | D:8      | Killed a tengu warrior
 14711 | D:8      | Reached skill level 10 in Armour
 14711 | D:8      | Reached skill level 10 in Invocations
 15080 | Lair:1   | Reached skill level 10 in Shields
 16191 | Lair:2   | Noticed an eight-headed hydra
 16199 | Lair:2   | Killed an eight-headed hydra
 16204 | Lair:2   | Noticed a four-headed hydra
 16209 | Lair:2   | Reached skill level 15 in Axes
 16215 | Lair:2   | Killed a four-headed hydra
 16626 | Lair:2   | Found a runed translucent gate.
 16626 | Lair:2   | Found a runed translucent gate.
 16626 | Lair:2   | Found a runed translucent gate.
 16626 | Lair:2   | Noticed Fuatobol's ghost (journeyman DESu)
 16627 | Lair:2   | Noticed a 13-headed hydra
 16747 | Lair:2   | Noticed a death yak
 16867 | Lair:2   | Reached XP level 13. HP: 81/114 MP: 21/21
 17108 | Lair:2   | Identified the +4 hand axe of Red Wine {drain, +Blink rPois
                  | rF- Int+6}
 19015 | Lair:3   | Found a staircase to the Swamp.
 19842 | Lair:3   | Found a hole to the Spider Nest.
 21069 | Lair:4   | Reached **** piety under Qazlal
 21070 | Lair:4   | Reached XP level 14. HP: 118/125 MP: 24/24
 21521 | Lair:4   | Found a staircase to the Slime Pits.
 21521 | Lair:4   | Found a viscous altar of Jiyva.
 21760 | Lair:5   | Entered Level 5 of the Lair of Beasts
 22205 | Lair:4   | Reached skill level 15 in Invocations
 23075 | Lair:5   | Found a burning altar of Makhleb.
 23262 | Lair:5   | Found a gateway to Hell.
 24111 | Orc:1    | Entered Level 1 of the Orcish Mines
 24126 | Orc:1    | Found a roughly hewn altar of Beogh.
 24126 | Orc:1    | Noticed an orc warlord
 24140 | D:11     | Killed an orc warlord
 24141 | D:11     | Reached skill level 1 in Evocations
 24461 | Orc:1    | Found a burning altar of Makhleb.
 24719 | Orc:1    | Found a roughly hewn altar of Beogh.
 24860 | Orc:2    | Entered Level 2 of the Orcish Mines
 24860 | Orc:2    | Found a staircase to the Elven Halls.
 24922 | Orc:2    | Noticed Erolcha
 24927 | Orc:1    | HP: 2/127 [ettin/+0 dire flail (8)]
 24927 | Orc:1    | Demolished by an ettin

Illustrated notes

Levels and vault maps discovered:
D:1:      spicycebolla_arrival_transporter_tutorial, layout_basic
D:2:      layout_loops_corners, uniq_natasha
D:3:      minmay_door_path, layout_basic, uniq_ijyb
D:4:      gammafunk_steamed_eel, layout_basic, okawaru_metal_pillars_3,
          minmay_temple_entry_fiery, minmay_tree_intersection
D:5:      minmay_evil_eye, layout_loops_corners, tgw_trog,
          kennysheep_cross_bottleneck
D:6:      layout_basic, minivault_27, uniq_duvessa
D:7:      layout_gridville, mainiacjoe_overflow_catwalk,
          nicolae_overflow_hidden_temple, fedhas_altar_2,
          uniq_crazy_yiuf_cottage, uniq_menkaure, uniq_joseph
D:8:      minmay_imperfect_grid, layout_basic,
          mainiacjoe_overflow_concentric_impassable, lemuel_crystal_altar,
          enter_bailey_4, chequers_serial_rivers_room_a, nrook_mini_backslash,
          uniq_prince_ribbit1, uniq_amaemon
D:9:      layout_cave_pods, kennysheep_mini_moat
D:10:     layout_cave_pools, kennysheep_ying_yang, mainiacjoe_overflow_paths,
          minmay_misc_feat_cross, chequers_serial_rivers_micro_d
D:11:     layout_irregular_city, orc_0_dummy, nicolae_looking_at_the_future
D:12:     layout_rooms, minmay_rotating_lava
Temple:   minmay_temple_curvy_loop
Lair:1:   layout_chaotic_city, grunt_megastairs_5
Lair:2:   nzn_winding_woodlands_stair_cross [nzn_winding_woodlands_5x15_twine,
          nzn_winding_woodlands_center_triple_pond,
          nzn_winding_woodlands_5x15_sawtooth,
          nzn_winding_woodlands_5x5_perimeter, nzn_winding_woodlands_hourglass,
          nzn_winding_woodlands_5x15_pool,
          nzn_winding_woodlands_center_pierced_h,
          nzn_winding_woodlands_5x15_garden], layout_misc_corridors,
          gammafunk_ghost_hydra_chop
Lair:3:   layout_chaotic_city, minmay_swamp_entry_swarm,
          nicolae_spider_entry_tight_spaces, grunt_megastairs_1
Lair:4:   layout_hall_layers, nicolae_slime_entry_slimehenge,
          minmay_lindwurm_lava
Lair:5:   evil_forest, layout_cave_pods, patterned_corridor,
          infiniplex_staircase_pool, grunt_megastairs_4, lemuel_fruit_tree
Orc:1:    layout_diamond_mine, basic_altar, regret_index_minedec_devilstone
Orc:2:    st_orc_ogre_mass, layout_caves, serial_shops, shop, basic_altar,
          uniq_erolcha

Skill      XL: |  1  2  3  4  5  6  7  8  9 10 11 12 13 14 |
---------------+-------------------------------------------+-----
Axes           | 3 4 5 6 7 9 11 12 13 15 16 | 16.5
Fighting       | 4 5 6 7 8 9 10 11 12 | 12.6
Armour         | 4 5 6 7 8 9 10 11 12 | 12.7
Shields        | 4 5 6 7 8 9 10 11 12 | 12.4
Invocations    | 6 9 11 13 16 | 16.2
Evocations     | 1 |  1.6

Action                     |  1- 3 |  4- 6 |  7- 9 | 10-12 | 13-15 || total
---------------------------+-------+-------+-------+-------+-------++-------
  Melee: War axe           |   115 |   179 |   198 |   939 |   690 ||  2121
         Whip              |       |       |   169 |       |       ||   169
         Demon whip        |       |       |       |    13 |    32 ||    45
  Throw: Throwing net      |       |       |       |     1 |       ||     1
 Invoke: Upheaval          |       |       |       |     7 |    21 ||    28
    Use: Potion            |       |       |     1 |    11 |     3 ||    15
         Scroll            |       |       |       |    24 |     8 ||    32
   Stab: Sleeping          |       |     2 |       |       |       ||     2
         Invisible         |       |       |       |     2 |       ||     2
 Armour: Scale mail        |    78 |    24 |       |       |       ||   102
         Robe              |       |    39 |       |       |       ||    39
         Chain mail        |       |    57 |   279 |    22 |       ||   358
         Acid dragon scale |       |       |       |   671 |   223 ||   894
         Skin              |       |       |       |    11 |       ||    11
         Plate armour      |       |       |       |       |   348 ||   348
  Dodge: Dodged            |    62 |    65 |   152 |   490 |   189 ||   958
         Repelled          |       |       |       |       |     1 ||     1
  Block: Buckler           |    32 |    49 |    93 |   316 |       ||   490
         Kite shield       |       |       |       |   154 |   658 ||   812

Table legend: (Time is in decaauts)
 A = Elapsed time spent in this place.
 B = Non-inter-level travel time spent in this place.
 C = Inter-level travel time spent in this place.
 D = Time resting spent in this place.
 E = Time spent auto-exploring this place.
 F = Levels seen in this place.
 G = Mean time per level.
                   A        B        C        D        E       F      G
               +--------+--------+--------+--------+--------+-----+--------+
         Total |  24906 |  23629 |   1277 |   7508 |  11233 |  21 | 1186.0 |
       Dungeon |  15430 |  14637 |    793 |   4408 |   7198 |  12 | 1285.8 |
        Temple |      1 |      1 |      0 |      0 |      0 |   1 |    1.0 |
          Lair |   8740 |   8270 |    470 |   2994 |   3627 |   5 | 1748.0 |
  Orcish Mines |    699 |    686 |     13 |    106 |    408 |   2 |  349.5 |
        Bailey |     33 |     33 |      0 |      0 |      0 |   1 |   33.0 |
               +--------+--------+--------+--------+--------+-----+--------+

Top non-repeatable levels by time:
     D:8: 2301 daAuts
  Lair:2: 2287 daAuts
  Lair:3: 2200 daAuts
    D:11: 2079 daAuts
  Lair:5: 1831 daAuts
     D:5: 1773 daAuts
     D:9: 1765 daAuts
  Lair:4: 1277 daAuts
    D:10: 1160 daAuts
  Lair:1: 1143 daAuts
     D:2: 1111 daAuts
     D:7: 1040 daAuts
     D:1: 1013 daAuts
     D:4: 905 daAuts
     D:6: 815 daAuts
